 Dungeon Sprint DCSS version 0.16-a0-3540-gcd4db26 (webtiles) character file.

236 BluebellGnoll the Frost Mage (level 6, -4/36 HPs)
             Began as an Octopode Ice Elementalist on Jan 9, 2015.
             Was a Follower of Vehumet.
             Slain by a two-headed ogre (shapeshifter) (8 damage)
             ... in the Dungeon (Sprint V: "Ziggurat Sprint").
             The game lasted 00:02:17 (254 turns).

BluebellGnoll the Frost Mage (OpIE)                  Turns: 254, Time: 00:02:17

Health: -4/36      AC:  1    Str: 16    XL:     6   Next: 6%
Magic:  15/19      EV:  7    Int: 32    God:    Vehumet [*.....]
Gold:   0          SH: 29    Dex: 24    Spells: 4 memorised, 7 levels left

rFire  . . .     SeeInvis +     J - +14 obsidian axe {chop, +Fly Str+3 SInv Curse} (curse)
rCold  . . .     Clarity  .     K - +18 shield of the gong {rElec rN+ MR+ EV-5}
rNeg   + + .     SustAb   .     (helmet restricted)
rPois  .         Gourm    .     (no amulet)
rElec  +         Spirit   .     n - +6 ring of dexterity
rCorr  .         Warding  .     o - +6 ring of dexterity
rMut   .         NoTele   +     p - +6 ring of intelligence
MR     +....                    q - +6 ring of intelligence
Stlth  ++++++....               r - +6 ring of strength
                                G - ring of Shadows {Umbra +Inv rN+ SInv}
                                (no ring)
                                (no ring)

@: mesmerised, wreathed by umbra, somewhat resistant to hostile enchantments,
very stealthy
A: almost no armour, amphibious, 8 rings, constrict 8, camouflage 1, gelatinous
body 1
a: Renounce Religion, Evoke Invisibility, Evoke Flight


You were in the Dungeon.
You worshipped Vehumet.
Vehumet was aware of your devotion.
You were completely stuffed.

You visited 1 branch

Inventory:

Hand weapons
 J - the cursed +14 obsidian axe (weapon) {chop, +Fly Str+3 SInv Curse}
   (You found it in the Dungeon)

   It inflicts extra damage upon your enemies.
   It affects your strength (+3).
   It enhances your eyesight.
   It lets you fly.
   It may recurse itself when equipped.
   It has a curse placed upon it.
Armour
 K - the +18 shield of the gong (worn) {rElec rN+ MR+ EV-5}
   (You found it in the Dungeon)

   It affects your evasion (-5).
   It insulates you from electricity.
   It protects you from negative energy.
   It affects your resistance to hostile enchantments.
Magical staves
 m - an uncursed staff of energy
Jewellery
 n - a +6 ring of dexterity (left tentacle)
 o - a +6 ring of dexterity (right tentacle)
 p - a +6 ring of intelligence (on tentacle)
 q - a +6 ring of intelligence (on tentacle)
 r - a +6 ring of strength (on tentacle)
 s - a +6 ring of strength
 G - the ring of Shadows (on tentacle) {Umbra +Inv rN+ SInv}
   (You found it in the Dungeon)

   [ring of invisibility]

   It protects you from negative energy.
   It enhances your eyesight.
   It lets you turn invisible.
Magical devices
 a - a wand of disintegration (7)
 j - a wand of fire (5)
 k - a wand of cold (5)
 l - a wand of draining (5)
Scrolls
 i - 4 scrolls of blinking
 v - 4 scrolls of amnesia
 w - 3 scrolls of recharging
 x - 7 scrolls of fog
 y - a scroll of holy word
 z - 5 scrolls of identify
 A - 5 scrolls of remove curse
 B - 2 scrolls of fear
Potions
 d - 10 potions of curing
 e - 10 potions of heal wounds
 f - 6 potions of haste
 g - 7 potions of magic
 h - 3 potions of berserk rage
 C - 2 potions of brilliance
 D - 2 potions of invisibility
 E - 2 potions of restore abilities
 F - 4 potions of resistance
 H - 5 potions of agility
 I - 5 potions of might
Books
 b - a book of Frost

   Spells                             Type                      Level
   a - Freeze                         Ice                          1
   b - Throw Frost                    Conjuration/Ice              2
   c - Ozocubu's Armour               Charms/Ice                   3
   d - Throw Icicle                   Conjuration/Ice              4
   e - Summon Ice Beast               Ice/Summoning                4
   f - Condensation Shield            Ice                          4
Comestibles
 c - 5 bread rations
 t - 41 fruits
 u - 3 meat rations


   Skills:
 - Level 2.0 Dodging
 - Level 2.6 Stealth
 - Level 7.3 Shields
 * Level 6.4 Spellcasting
 - Level 1.0 Conjurations
 + Level 8.4 Ice Magic


You had 7 spell levels left.
You knew the following spells:

 Your Spells              Type           Power        Failure   Level  Hunger
a - Freeze                Ice            ####         1%          1    None
b - Throw Frost           Conj/Ice       #####.       1%          2    None
c - Ozocubu's Armour      Chrm/Ice       #####...     6%          3    None
d - Throw Icicle          Conj/Ice       #####...     14%         4    ##.....


Dungeon Overview and Level Annotations

Branches:
Dungeon (1/1)

Altars:
Ashenzari
Cheibriados
Dithmenos
Elyvilon
Fedhas
Gozag
Kikubaaqudgha
Makhleb
Nemelex Xobeh
Okawaru
Qazlal
Ru
Sif Muna
Trog
Vehumet
Xom
Yredelemnul
Zin
The Shining One
Beogh
Jiyva
Lugonu


Innate Abilities, Weirdness & Mutations

You cannot wear most types of armour.
You are amphibious.
You can wear up to eight rings at the same time.
You can use your tentacles to constrict many enemies at once.
Your skin changes colour to match your surroundings (Stealth).
Your rubbery body absorbs attacks (AC +1).


Message History

Your orange demon hits the ironheart preserver.
You block the ironheart preserver's attack.
GONNNNG!
You block the two-headed ogre's attack.
GONNNNG!
You block the two-headed ogre's attack.
PTOANNNG!
Unknown command.
You hit the two-headed ogre.
Your squeeze misses the two-headed ogre.
The two-headed ogre is severely wounded.
You slash the ironheart preserver!
The ironheart preserver is heavily wounded.
You constrict the ironheart preserver!
Your orange demon stings the ironheart preserver.
Your orange demon poisons the ironheart preserver!
Your orange demon hits the ironheart preserver but does no damage.
The ironheart preserver hits your orange demon with a great mace of holy wrath!
Your orange demon convulses.
The two-headed ogre hits you!
You die...

▓▓▓▓▓▓▓▓▓▓▓▓▓
▓.8©8.▓.8©8.▓
▓.p[O.▓.....▓
▓4.@..▓...[.▓
▓.....▓.....▓
▓.....▓.....▓
▓.....▓.....▓
▓.....▓▓▓▓▓▓▓
▓▓▓▓▓▓▓


You could see an ironheart preserver, a two-headed ogre and a friendly orange
demon.

Vanquished Creatures
  A golden eye (shapeshifter) (D)
  An eye of draining (D)
  An ooze (D)
3 creatures vanquished.

Notes
Turn   | Place    | Note
--------------------------------------------------------------
     0 | D        | BluebellGnoll, the Octopode Ice Elementalist, began the quest for the Orb.
     0 | D        | Reached XP level 1. HP: 11/11 MP: 3/3
     0 | D        | Found a viscous altar of Jiyva.
     0 | D        | Found a corrupted altar of Lugonu.
     0 | D        | Found a white marble altar of Elyvilon.
     2 | D        | Found a sparkling altar of Nemelex Xobeh.
     2 | D        | Found a burning altar of Makhleb.
     2 | D        | Found a deep blue altar of Sif Muna.
     3 | D        | Found a bloodstained altar of Trog.
     7 | D        | Found an iron altar of Okawaru.
    17 | D        | Found a radiant altar of Vehumet.
    18 | D        | Found a basalt altar of Yredelemnul.
    38 | D        | Found a shimmering altar of Xom.
    45 | D        | Became a worshipper of Vehumet
    51 | D        | Reached skill level 7 in Shields
    51 | D        | Reached XP level 2. HP: 17/17 MP: 4/4
    52 | D        | Entered arena 1.
    52 | D        | Noticed an eye of draining
    58 | D        | Killed an eye of draining
    58 | D        | Reached XP level 3. HP: 21/21 MP: 1/10
    58 | D        | Reached XP level 4. HP: 27/27 MP: 1/12
    67 | D        | Learned a level 2 spell: Throw Frost
    71 | D        | Learned a level 3 spell: Ozocubu's Armour
    76 | D        | Learned a level 4 spell: Throw Icicle
   245 | D        | Entered arena 2.
   245 | D        | Noticed an ironheart preserver
   245 | D        | Noticed a golden eye
   245 | D        | Noticed a two-headed ogre
   250 | D        | Killed a golden eye
   250 | D        | Acquired Vehumet's first power
   250 | D        | Offered knowledge of Sting by Vehumet.
   250 | D        | Reached skill level 8 in Ice Magic
   250 | D        | Reached XP level 5. HP: 31/31 MP: 13/17
   250 | D        | Reached XP level 6. HP: 36/36 MP: 14/19
   254 | D        | Slain by a two-headed ogre (shapeshifter)

Action                   |  1- 3 |  4- 6 || total
-------------------------+-------+-------++-------
Melee: Broad axe         |     4 |     5 ||     9
  Use: Potion            |     1 |       ||     1
 Stab: Sleeping          |     2 |     3 ||     5
  Eat: Meat ration       |       |     1 ||     1
       Fruit             |       |     1 ||     1
